 Dungeon Crawl Stone Soup version 0.23.1 (webtiles) character file.

Game seed: 14070076996468440702

865 Borgoz the Skirmisher (level 8, -5/67 HPs)
             Began as a Ghoul Monk on Mar 17, 2019.
             Slain by a gnoll
             ... wielding a +0 halberd
              (7 damage)
             ... on level 6 of the Dungeon.
             The game lasted 00:11:18 (4382 turns).

Borgoz the Skirmisher (Ghoul Monk)                  Turns: 4382, Time: 00:11:19

Health: -5/67      AC:  9    Str: 15    XL:     8   Next: 3%
Magic:  7/7        EV: 11    Int:  5    God:
Gold:   297        SH:  0    Dex: 13    Spells: 7/7 levels left

rFire    . . .     SeeInvis .   a - +2 dagger (venom)
rCold    + . .     Gourm    .   (no shield)
rNeg     + + +     Faith    .   d - +0 scale mail
rPois    ∞         Spirit   .   (no helmet)
rElec    .         Reflect  .   s - +1 cloak
rCorr    .         Harm     .   (no gloves)
MR       .....                  (no boots)
Stlth    +.........             (no amulet)
HPRegen  0.00/turn              (no ring)
MPRegen  0.10/turn              (no ring)

@: rotting
A: rotting body, claws 1, carnivore, cold resistance 1, negative energy
resistance 3, inhibited regeneration, torment resistance, unbreathing
a: no special abilities


You were on level 6 of the Dungeon.
You were not hungry.

You visited 2 branches of the dungeon, and saw 7 of its levels.

You collected 297 gold pieces.

Inventory:

Hand Weapons
 a - a +2 dagger of venom (weapon)
 b - a +2 dagger of speed
 h - a +2 short sword of freezing
Missiles
 f - 24 poisoned needles
 q - 6 curare-tipped needles
 u - 2 needles of paralysis
 v - 3 poisoned javelins (quivered)
Armour
 d - a +0 scale mail (worn)
 s - a +1 cloak (worn)
Jewellery
 e - a +4 ring of evasion {unknown}
Wands
 g - a wand of flame (22)
 r - a wand of digging (6)
Scrolls
 i - 2 scrolls of amnesia
 k - 2 scrolls of remove curse
 l - a scroll of enchant weapon
 m - a scroll of magic mapping
Potions
 j - 2 potions of flight
 n - 3 potions of curing
 o - a potion of ambrosia
 t - a potion of cancellation {unknown}
Comestibles
 c - 15 rations
 p - 2 chunks of flesh


   Skills:
 + Level 4.8 Fighting
 * Level 4.8 Short Blades
 * Level 3.7 Armour
 * Level 4.8 Dodging
 + Level 4.0 Stealth


You had 7 spell levels left.
You didn't know any spells.
Your spell library was empty.

Dungeon Overview and Level Annotations

Branches:
Dungeon (6/15)             Temple (1/1) D:5

Altars:
Ashenzari
Dithmenos
Fedhas
Gozag
Hepliaklqana
Kikubaaqudgha
Makhleb
Nemelex Xobeh
Sif Muna
Trog
Uskayaw
Vehumet
Xom
Yredelemnul

Shops:
D:4 ?   D:5 ?


Innate Abilities, Weirdness & Mutations

Your body is rotting away.
You thrive on raw meat.
You are immune to poison.
You have sharp fingernails.
You are carnivorous and can eat meat at any time.
Your flesh is cold resistant. (rC+)
You are immune to negative energy. (rN+++)
You do not regenerate when monsters are visible.
You are immune to unholy pain and torment.
You can survive without breathing.


Message History

The gnoll barely misses you.
You hit the gnoll sergeant but do no damage.
The ogre misses you.
The gnoll sergeant hits you but does no damage.
The ice beast hits you.
* * * LOW HITPOINT WARNING * * *
The ice beast freezes you. You resist.
* * * LOW HITPOINT WARNING * * *
You miss the ice beast.
The ice beast is heavily wounded.
The gnoll misses you. The gnoll sergeant barely misses you.
You hit the gnoll sergeant but do no damage.
The gnoll sergeant is poisoned.
You feel less invigorated.
You feel less confused. The ogre closely misses you. The ice beast hits you.
* * * LOW HITPOINT WARNING * * *
The ice beast freezes you. You resist.
* * * LOW HITPOINT WARNING * * *
The gnoll hits you from afar with a +0 halberd!
You die...

.. ... ..# .. ..#..
....... ..# .#... (.
.... .. ..# #. #.#
#####.###Y#
.......@.O# ..g_..
..###...g##### #g#g#O
.....>..g'...## #.....
.........###..# #.....
..###....# ##.# ..g..
. ##.### #.## ... #.
#..### #g #.
#..#.######.
####+######....#......


You could see an ice beast, an ogre, a gnoll sergeant and a gnoll.

Vanquished Creatures
  A water moccasin (D:5)
  A sky beast (D:5)
  A centaur (D:5)
  An ogre (D:4)
  A scorpion (D:4)
  3 orc wizards
  A centaur skeleton (D:6)
  Ijyb (D:3)
  An iguana (D:5)
  3 worker ants
  A hound skeleton (D:4)
  5 gnolls
  7 adders
  An ooze (D:3)
  An adder skeleton (D:6)
  A worm (D:5)
  2 dart slugs
  A leopard gecko (D:4)
  15 orcs
  3 giant cockroaches
  5 goblins
  6 hobgoblins
  4 jackals (D:2)
  11 kobolds
  4 quokkas
  8 bats
  6 frilled lizards
  A jackal zombie (D:5)
  7 rats
103 creatures vanquished.

Notes
Turn   | Place    | Note
-------+----------+-------------------------------------------
     0 | D:1      | Borgoz the Ghoul Monk began the quest for the Orb.
     0 | D:1      | Reached XP level 1. HP: 19/19 MP: 0/0
   434 | D:1      | Reached XP level 2. HP: 22/26 MP: 1/1
   736 | D:2      | Found a faded altar of an unknown god.
   856 | D:2      | Reached XP level 3. HP: 25/33 MP: 2/2
  1105 | D:2      | Reached skill level 1 in Armour
  1235 | D:2      | Reached XP level 4. HP: 39/40 MP: 3/3
  1337 | D:3      | Found a bloodstained altar of Trog.
  1492 | D:3      | Noticed Ijyb
  1518 | D:3      | Killed Ijyb
  1518 | D:3      | Reached XP level 5. HP: 31/46 MP: 4/4
  2235 | D:4      | Found a radiant altar of Vehumet.
  2409 | D:4      | Reached XP level 6. HP: 37/52 MP: 5/5
  2749 | D:4      | Found Zaum's Magic Scroll Boutique.
  2951 | D:5      | Entered Level 5 of the Dungeon
  3045 | D:5      | Reached XP level 7. HP: 49/60 MP: 6/6
  3156 | D:5      | Found a staircase to the Ecumenical Temple.
  3186 | Temple   | Entered the Ecumenical Temple
  3359 | D:5      | Found a shadowy altar of Dithmenos.
  3382 | D:5      | Found Ugeful's Magic Scroll Boutique.
  4255 | D:6      | Reached XP level 8. HP: 58/67 MP: 7/7
  4260 | D:6      | Found an ancient bone altar of Kikubaaqudgha.
  4311 | D:6      | Found a shattered altar of Ashenzari.
  4381 | D:6      | HP: 2/67 [ice beast (5)]
  4382 | D:6      | Slain by a gnoll

Skill      XL: |  1  2  3  4  5  6  7 |
---------------+----------------------+-----
Short Blades   | 3 4 |  4.8
Dodging        | 3 4 |  4.8
Armour         | 1 2 3 |  3.7
Fighting       | 4 |  4.8
Stealth        | 3 4 |  4.0

Action                   |  1- 3 |  4- 6 |  7- 9 || total
-------------------------+-------+-------+-------++-------
Melee: Short sword       |   104 |       |       ||   104
       Dagger            |    49 |   267 |   131 ||   447
  Use: Scroll            |       |    11 |     2 ||    13
       Potion            |       |       |     1 ||     1
  Eat: Chunk             |     8 |    17 |    14 ||    39
Armor: Scale mail        |    61 |    72 |    47 ||   180
       Robe              |     1 |       |       ||     1
Dodge: Dodged            |    80 |   103 |    51 ||   234
